 Dungeon Crawl Stone Soup version 0.25.1-2-g60ff931df9 (webtiles) character file.

Game seed: 3431380924333862930

436619 Curus the Slayer (level 22, 0/297 HPs)
             Began as a Demonspawn Berserker on Oct 15, 2020.
             Was a High Priest of Trog.
             Slain by a yaktaur captain (1 damage)
             ... on level 5 of the Vaults on Oct 16, 2020.
             The game lasted 06:48:16 (59584 turns).

Curus the Slayer (Demonspawn Berserker)            Turns: 59584, Time: 06:48:16

Health: 0/297      AC: 26    Str: 27      XL:     22   Next: 94%
Magic:  0/27       EV: 30    Int:  3 (5)  God:    Trog [*****.]
Gold:   2162       SH:  5    Dex: 20      Spells: 21/21 levels left

rFire    + + .     SeeInvis +   N - +7 glaive of Pyfacuk {vorpal, rF+ rC++ Int-4}
rCold    + + +     Gourm    .   (shield currently unavailable)
rNeg     + + .     Faith    .   p - +8 faerie dragon scales {rPois rF- rCorr Str+3}
rPois    +         Spirit   +   (helmet restricted)
rElec    +         Reflect  +   d - scarf {repulsion}
rCorr    +         Harm     .   t - +2 pair of gloves
MR       ++...                  (boots unavailable)
Stlth    ..........             H - amulet of reflection
HPRegen  0.59/turn              a - ring of Finality {rN++ MR+ Slay+3}
MPRegen  0.40/turn              U - ring "Defeergh" {rElec rF+ rC+ Str+2 SInv}

@: berserking (expiring), sanguine armour, studying Polearms, repel missiles,
very quick
A: antennae 1, hooves 3, deformed body, demonic guardian 2, deterioration 1,
fire resistance 1, strong 1, magic shield, magic regeneration, magic link,
sanguine armour 3
}: 2/15 runes: serpentine, barnacled
a: Berserk, Trog's Hand, Brothers in Arms, Renounce Religion


You were on level 5 of the Vaults.
You worshipped Trog.
Trog was extremely pleased with you.
You were very hungry.

You visited 7 branches of the dungeon, and saw 39 of its levels.
You also visited: Volcano.

You collected 5546 gold pieces.
You spent 3384 gold pieces at shops.

Inventory:

Hand Weapons
 M - a +1 bardiche of flaming
 N - the +7 glaive of Pyfacuk (weapon) {vorpal, rF+ rC++ Int-4}
   (Trog gifted it to you on level 1 of the Depths)

   It inflicts extra damage upon your enemies.
   It affects your intelligence (-4).
   It protects you from fire.
   It greatly protects you from cold.
Armour
 d - a scarf of repulsion (worn)
 p - the +8 faerie dragon scales (worn) {rPois rF- rCorr Str+3}
   (You took it off the Enchantress on level 3 of the Depths)

   It affects your strength (+3).
   It makes you vulnerable to fire.
   It protects you from poison.
   It provides partial protection from all sources of acid and corrosion.
 q - quicksilver dragon scales
 t - a +2 pair of gloves (worn)
 x - a +0 helmet of see invisible
 V - the +0 helmet "Effomube" {+Blink}
   (You found it on level 10 of the Dungeon)

   It lets you blink.
Jewellery
 a - the ring of Finality (left hand) {rN++ MR+ Slay+3}
   (You found it on level 3 of the Depths)

   [ring of protection from magic]

   It affects your accuracy and damage with ranged weapons and melee attacks
   (+3).
   It greatly protects you from negative energy.
   It affects your resistance to hostile enchantments.
 g - the ring "Hihije Saoz" {rCorr MP+9}
   (You bought it in a shop on level 1 of the Snake Pit)

   [ring of resist corrosion]

   It affects your magic capacity (+9).
   It provides partial protection from all sources of acid and corrosion.
 h - a cursed amulet of regeneration
 H - an amulet of reflection (around neck)
 K - the ring of Wecuqema {rPois rC+ rN+ Str+3 Stlth+}
   (You bought it in a shop on level 15 of the Dungeon)

   [ring of poison resistance]

   It affects your strength (+3).
   It protects you from cold.
   It protects you from poison.
   It protects you from negative energy.
   It makes you more stealthy.
 O - the ring of the Lion {+Inv rF+ rC+ Str-4 Dex+2}
   (You took it off a yaktaur captain on level 2 of the Depths)

   [ring of protection from cold]

   It affects your strength (-4).
   It affects your dexterity (+2).
   It protects you from fire.
   It protects you from cold.
   It lets you turn invisible.
 R - the ring "Dyoleeph" {+Inv +Fly rElec rN+ Str-3}
   (You bought it in a shop on level 15 of the Dungeon)

   [ring of positive energy]

   It affects your strength (-3).
   It insulates you from electricity.
   It protects you from negative energy.
   It lets you turn invisible.
   It lets you fly.
 U - the ring "Defeergh" (right hand) {rElec rF+ rC+ Str+2 SInv}
   (You bought it in a shop on level 15 of the Dungeon)

   [ring of see invisible]

   It affects your strength (+2).
   It protects you from fire.
   It protects you from cold.
   It insulates you from electricity.
   It lets you see invisible.
 W - an uncursed ring of protection from magic
 X - an uncursed ring of protection from fire
 Y - the ring of Wiquylytt {rF++ Int+5 Dex+6}
   (You found it on level 3 of the Depths)

   [ring of dexterity]

   It affects your intelligence (+5).
   It affects your dexterity (+6).
   It greatly protects you from fire.
 Z - the amulet of the Open Hand {RegenMP Str+7}
   (You bought it in a shop on level 15 of the Dungeon)

   [amulet of magic regeneration]

   It increases your magic regeneration.
   It affects your strength (+7).
Wands
 s - a wand of iceblast (15)
 B - a wand of acid (21)
 D - a wand of polymorph (15)
 E - a wand of flame (123)
 G - a wand of enslavement (46)
 I - a wand of clouds (1)
 L - a wand of paralysis (6)
 S - a wand of digging (6)
 T - a wand of disintegration (49)
Scrolls
 j - 28 scrolls of identify
 k - 3 scrolls of enchant weapon
 l - 30 scrolls of teleportation
 n - 18 scrolls of remove curse
 o - 2 scrolls of brand weapon
 u - 5 scrolls of fear
 w - 4 scrolls of fog
 A - 4 scrolls of blinking
 F - 6 scrolls of magic mapping
Potions
 e - 4 potions of might
 f - 10 potions of curing
 i - 4 potions of ambrosia
 m - 4 potions of flight
 r - 9 potions of heal wounds
 v - 9 potions of haste
 z - 2 potions of resistance
 C - 3 potions of invisibility
 J - 2 potions of magic
 P - 4 potions of cancellation
Books
 y - a manual of Polearms
Comestibles
 c - 57 rations


   Skills:
 + Level 22.9 Fighting
 - Level 20.0 Polearms
 - Level 1.7 Armour
 + Level 21.3 Dodging
 - Level 7.3 Evocations


You had 21 spell levels left.
You didn't know any spells.
Your spell library was empty.

Dungeon Overview and Level Annotations

Branches:
Dungeon (15/15)            Temple (0/1) D:6            Lair (6/6) D:9
 Shoals (4/4) Lair:4        Snake (4/4) Lair:3        Slime (0/5) Lair:6
    Orc (2/2) D:11            Elf (0/3) Orc:2        Vaults (5/5) D:13
  Crypt (0/3) Vaults:2     Depths (3/5) D:15        Volcano (visited)

Altars:
Ashenzari
Dithmenos
Elyvilon
Nemelex Xobeh
Okawaru
Wu Jian
Xom
Yredelemnul
Zin
The Shining One
Jiyva

Shops:
D:10 =(   D:14 %   D:15 *   Orc:1 }   Orc:2 ?[***   Snake:1 =}=   Vaults:3 *
Vaults:4 }   Depths:1 ?}

Portals:
Hell: Depths:1 Depths:2 Depths:3
Pandemonium: Depths:1 Depths:3
Ziggurat: Depths:1
Trove: D:11 (give 5 potions of resistance)


Innate Abilities, Weirdness & Mutations

You have hooves in place of feet.
A demonic guardian rushes to your aid.
Your flesh is heat resistant. (rF+)
When hurt, damage is shared between your health and your magic reserves.
You regenerate magic rapidly.
When low on magic, you restore magic in place of health.
When seriously injured, your bleeding wounds create very thick armour. (AC +12)
You have a pair of small antennae on your head.
Armour fits poorly on your strangely shaped body.
Your body sometimes deteriorates upon taking damage.
Your muscles are strong. (Str +2)


Message History

* * * LOW HITPOINT WARNING * * *
The iron dragon misses you.
The iron dragon completely misses you. x2
The titan waves its arms in wide circles.
The air twists around and strikes you.
* * * LOW HITPOINT WARNING * * *
The vault guard misses you. x2
You slice the iron dragon like a ripe choko!!!
Your kick misses the iron dragon.
The iron dragon is moderately wounded.
The vault guard hits you but does no damage.
The vault guard closely misses you. You block the vault guard's attack.
You open the iron dragon like a pillowcase!!!!
You kick the iron dragon, but do no damage.
The iron dragon is almost dead.
Your stone giant burns!
The vault guard hits you with a +0 battleaxe.
* * * LOW HITPOINT WARNING * * *
Your stone giant rages.
The yaktaur captain hits you.
You die...

.# #....# ## ..
#....# #.##
.###....##.#.#
#..#....#.#.#
#...pD.....#
#####.*Qpp...#####
.^...cppppD[......
....WQD@pppw....$.
.....*cpppp.......
......CDpQp.......
####....D*C..#####
.#...........
...#......#...
......#....#####
....#.#....#


You could see a shadow dragon, 2 iron dragons, a titan, an ice dragon, a
quicksilver dragon, a vault warden, 3 tengu reavers, 2 yaktaur captains, 15
vault guards, a tyrant leech shaped shifter, a phantasmal warrior, 3
battlespheres and a friendly stone giant (summoned, berserk, burning).

Vanquished Creatures
  An ancient lich (Depths:3)
  4 juggernauts
  A caustic shrike (Depths:1)
  Saint Roka (Vaults:1)
  Xtahua (Vaults:4)
  A golden dragon (Depths:2)
  the Enchantress (Depths:3)
  A tentacled monstrosity (Depths:2)
  3 titans
  A quicksilver dragon (Depths:1)
  A sphinx (Vaults:4)
  Kirke (D:14)
  2 storm dragons
  2 shadow dragons (Depths:3)
  Roxanne (Shoals:1)
  4 tengu reavers
  The ghost of sirjames the Severer, an adept FoFi of Makhleb (Shoals:3)
  7 fire giants
  14 frost giants
  Aizul (Depths:2)
  4 nagarajas (Snake:4)
  8 vault wardens
  A cacodemon (Depths:3)
  A deep elf elementalist (Vaults:4)
  2 iron dragons
  A ghoul (Vaults:3)
  18 very ugly things
  16 stone giants
  7 ironheart preservers
  An entropy weaver (Vaults:4)
  6 spriggan defenders
  3 vampire knights
  2 spark wasps
  Azrael (D:13)
  11 ettins
  4 merfolk javelineers
  8 merfolk impalers
  A deep elf death mage (Vaults:2)
  12 fire dragons
  A deep elf high priest (Depths:2)
  7 yaktaur captains
  Josephine (D:15)
  9 great orbs of eyes
  15 naga warriors
  16 ice dragons
  15 vault guards
  8 hydras
  2 merfolk avatars
  6 rakshasas
  4 death knights
  2 alligator snapping turtles (Shoals:4)
  10 centaur warriors
  Erica (D:10)
  9 anacondas
  33 two-headed ogres
  A dancing weapon (Vaults:4)
  13 ogre magi
  7 tengu warriors
  6 spriggan air magi
  A merfolk aquamancer (Shoals:3)
  10 deep troll shamans
  7 deep troll earth magi
  3 vampire magi
  10 spriggan berserkers
  A sun demon (Volcano)
  10 shock serpents
  15 naga sharpshooters
  4 orc high priests (Orc:2)
  3 deep elf knights
  The ghost of DogServant the Archer, a novice MiHu of Okawaru (D:9)
  2 salamander mystics
  A hell knight (Depths:2)
  An iron troll (Depths:3)
  6 skeletal warriors
  4 glowing orange brains
  A shadow wraith (Vaults:3)
  An unseen horror (D:14)
  4 sea snakes
  14 deep trolls
  A flayed ghost (Depths:2)
  4 wizards
  4 naga ritualists
  An infernal demonspawn (Depths:3)
  19 harpies
  19 orc knights
  A harpy (shapeshifter) (Depths:1)
  4 deep elf archers
  3 phantasmal warriors
  2 necromancers
  2 tengu skeletons (Vaults:1)
  8 ironbrand convokers
  A wolf spider zombie (D:13)
  A human zombie (Vaults:2)
  2 orb spiders (shapeshifter)
  2 wolf spiders
  A faun (shapeshifter) (Depths:1)
  17 ugly things
  12 cyclopes
  3 fauns (Shoals:2)
  10 deep elf magi
  2 mana vipers (Snake:2)
  5 salamanders
  13 manticores
  4 orc sorcerers
  A salamander (shapeshifter) (Vaults:2)
  3 elephants (Lair:4)
  4 centaur zombies
  29 black mambas
  7 merfolk sirens
  2 water nymphs (shapeshifter)
  5 guardian serpents
  22 naga magi
  A water nymph (Shoals:1)
  A rust devil (Depths:3)
  An orange demon (Depths:3)
  An eye of devastation (shapeshifter) (D:12)
  15 vault sentinels
  3 molten gargoyles
  6 spiny frogs
  A stone giant skeleton (Vaults:2)
  4 gargoyles
  A yaktaur (shapeshifter) (Depths:3)
  Maggie (D:8)
  A hellwing (Depths:3)
  5 rime drakes
  2 kobold demonologists
  21 yaktaurs
  6 freezing wraiths
  A rime drake (shapeshifter) (D:14)
  2 komodo dragons
  2 efreet
  6 tengu conjurers
  3 polar bears (Lair:6)
  A queen bee (shapeshifter) (Vaults:3)
  A human skeleton (Vaults:2)
  19 merfolk
  3 jumping spiders (shapeshifter)
  A jumping spider (Vaults:4)
  Prince Ribbit (D:5)
  8 trolls
  2 wind drakes (shapeshifter)
  14 hornets
  3 wind drakes
  14 blink frogs
  A dream sheep (shapeshifter) (Vaults:4)
  A frost giant simulacrum (Vaults:2)
  A raiju (shapeshifter) (Vaults:1)
  6 dream sheep
  A fire giant simulacrum (Vaults:2)
  21 slime creatures
  14 hippogriffs
  A human simulacrum (Vaults:2)
  9 snapping turtles
  Sigmund (D:2)
  A redback (Vaults:4)
  A tarantella (Vaults:4)
  16 spriggans
  14 water elementals
  A human (D:13)
  A ynoxinul (Depths:3)
  2 basilisks
  2 fire elementals (D:13)
  A human (shapeshifter) (Vaults:1)
  A wyvern (D:14)
  6 wraiths
  30 yaks
  Eustachio (D:6)
  2 fire bats (Volcano)
  A golden eye (shapeshifter) (Vaults:2)
  14 vampire mosquitoes
  5 hungry ghosts
  2 steam dragons (Shoals:3)
  An acid dragon (shapeshifter) (D:12)
  62 nagas
  24 wargs
  An acid dragon (Vaults:1)
  An elf skeleton (Vaults:1)
  8 water moccasins
  2 floating eyes
  2 hell hounds (D:13)
  A porcupine (Lair:4)
  5 ice beasts
  5 sky beasts
  A black bear (shapeshifter) (Depths:2)
  3 black bears (Lair:6)
  An ettin simulacrum (Vaults:2)
  50 orc warriors
  An eye of draining (D:14)
  A hornet zombie (D:13)
  14 wolves
  An eye of draining (shapeshifter) (Depths:3)
  32 ogres
  3 phantoms
  18 boggarts
  22 centaurs
  11 crocodiles
  A crocodile (shapeshifter) (Depths:2)
  A yaktaur zombie (Vaults:1)
  2 big kobolds
  16 bullfrogs
  A yaktaur skeleton (Vaults:1)
  A glowing shapeshifter simulacrum (Vaults:3)
  6 scorpions
  12 killer bees
  8 wights
  4 electric eels
  6 howler monkeys
  10 lava snakes
  A crimson imp (D:12)
  3 hounds
  A quasit (Depths:3)
  A bullfrog zombie (D:10)
  5 jellies
  A bullfrog skeleton (D:10)
  7 centaur skeletons
  20 orc priests
  2 iguanas
  3 iron imps
  Ijyb (D:5)
  21 orc wizards
  14 worker ants
  5 hound skeletons
  A worker ant zombie (D:6)
  3 gnolls (D:6)
  12 adders
  A howler monkey skeleton (D:11)
  9 shadow imps
  5 white imps (Depths:3)
  2 adder skeletons
  A worm (shapeshifter) (Depths:2)
  4 worms
  2 dart slugs
  5 leopard geckos
  93 orcs
  2 ball pythons
  2 giant cockroaches
  5 goblins
  4 hobgoblins
  12 jackals
  6 quokkas
  A frilled lizard (D:5)
  A jackal skeleton (D:5)
  17 kobolds
  A quokka zombie (D:8)
  4 rats
  A fungus (Depths:2)
1560 creatures vanquished.

Vanquished Creatures (collateral kills)
  A lich (Depths:3)
  A titan (Depths:2)
  2 nagarajas (Snake:4)
  A deep elf elementalist (Depths:3)
  A spriggan defender (Depths:3)
  3 stone giants
  A very ugly thing (Depths:1)
  3 ettins
  3 ogre magi
  A yaktaur captain (Depths:2)
  3 vault guards
  3 naga warriors
  A spriggan air mage (Depths:3)
  2 ice dragons
  A hydra (Lair:2)
  A merfolk aquamancer (Shoals:1)
  A centaur warrior (D:14)
  A dancing weapon (D:9)
  An anaconda (Snake:3)
  7 two-headed ogres
  A deep troll earth mage (Depths:3)
  A naga sharpshooter (Snake:2)
  A spriggan berserker (Depths:3)
  A shock serpent (Snake:1)
  An orc high priest (Orc:2)
  2 skeletal warriors (D:14)
  A sea snake (Shoals:2)
  2 deep trolls (Depths:3)
  A flayed ghost (D:12)
  3 naga ritualists
  An ironbrand convoker (Vaults:1)
  3 orc knights
  5 harpies
  A wolf spider (D:12)
  An orc sorcerer (D:14)
  6 ugly things
  A manticore (Shoals:1)
  A faun (Shoals:2)
  2 salamanders
  3 elephants (Lair:4)
  A cyclops (Shoals:3)
  A water nymph (Shoals:3)
  5 black mambas
  A torpor snail (Lair:5)
  A naga mage (Snake:1)
  3 spiny frogs
  2 rime drakes
  5 yaktaurs
  2 merfolk (Shoals:4)
  2 hornets
  A tengu conjurer (Depths:1)
  A wind drake (Shoals:1)
  18 blink frogs
  2 trolls
  A human simulacrum (Vaults:2)
  A slime creature (Depths:3)
  7 dream sheep
  5 spriggans
  13 yaks
  2 hogs (D:14)
  A vampire mosquito (D:12)
  3 nagas
  2 hell hounds
  8 orc warriors
  An ice beast (D:9)
  2 ogres
  A boggart (Lair:6)
  4 centaurs
  11 wolves
  A crocodile (Lair:2)
  3 bullfrogs
  A scorpion (D:13)
  2 killer bees (D:8)
  5 orc priests (Orc:2)
  An iguana (D:11)
  A white imp (Depths:1)
  12 orcs
  2 fungi (Depths:2)
211 creatures vanquished.

Vanquished Creatures (others)
  A fire giant (Depths:3)
  A very ugly thing (Depths:1)
  An ettin (Depths:3)
  2 humans (D:14)
  A centaur (D:15)
  An orc (Vaults:1)
  A bush (Shoals:3)
  5 fungi
  24 plants
37 creatures vanquished.

Grand Total: 1808 creatures vanquished

Notes
Turn   | Place    | Note
-------+----------+-------------------------------------------
     0 | D:1      | Curus the Demonspawn Berserker began the quest for the Orb.
     0 | D:1      | Reached XP level 1. HP: 18/18 MP: 1/1
   525 | D:1      | Gained mutation: You have large cloven feet. [demonic
                  | ancestry]
   525 | D:1      | Reached XP level 2. HP: 24/24 MP: 2/2
   680 | D:2      | Noticed Sigmund
   695 | D:2      | Killed Sigmund
   695 | D:2      | Reached skill level 5 in Polearms
   695 | D:2      | Gained mutation: When seriously injured, your bleeding
                  | wounds create armour. (AC +12) [demonic ancestry]
   695 | D:2      | Reached XP level 3. HP: 16/29 MP: 3/3
   695 | D:2      | Gained mutation: When hurt, damage is shared between your
                  | health and your magic reserves. [demonic ancestry]
   695 | D:2      | Reached XP level 4. HP: 19/35 MP: 4/4
   695 | D:2      | Gained mutation: You regenerate magic rapidly. [demonic
                  | ancestry]
   695 | D:2      | Reached XP level 5. HP: 23/41 MP: 5/5
  1331 | D:2      | Found a shadowy altar of Dithmenos.
  1612 | D:3      | Reached ** piety under Trog
  2492 | D:4      | Gained mutation: When seriously injured, your bleeding
                  | wounds create thick armour. (AC +12) [demonic ancestry]
  2492 | D:4      | Reached XP level 6. HP: 32/47 MP: 4/6
  3329 | D:4      | You fall into a shaft and drop 1 floor!
  3329 | D:5      | Entered Level 5 of the Dungeon
  3347 | D:5      | Got a pair of masterwork boots
  3353 | D:5      | Identified the +2 pair of boots of Henotheism {rC+} (You
                  | found it on level 5 of the Dungeon)
  3365 | D:5      | Found a shattered altar of Ashenzari.
  3452 | D:5      | Found a glowing silver altar of Zin.
  3482 | D:5      | Reached XP level 7. HP: 30/52 MP: 3/7
  3931 | D:5      | Noticed Ijyb
  3949 | D:5      | Killed Ijyb
  4009 | D:5      | Noticed Prince Ribbit
  4033 | D:5      | Killed Prince Ribbit
  4033 | D:5      | Reached XP level 8. HP: 20/58 MP: 4/8
  5405 | D:5      | Reached *** piety under Trog
  5626 | D:6      | Reached skill level 10 in Polearms
  5832 | D:6      | Found a glowing golden altar of the Shining One.
  6132 | D:6      | Gained mutation: A weak demonic guardian rushes to your
                  | aid. [demonic ancestry]
  6132 | D:6      | Reached XP level 9. HP: 55/63 MP: 9/9
  6184 | D:6      | Found a staircase to the Ecumenical Temple.
  6345 | D:6      | Noticed Eustachio
  6356 | D:6      | Killed Eustachio
  6907 | D:7      | Found the +5 robe of Night {Dark MR+ SInv}
  6916 | D:7      | Noticed a troll
  6938 | D:7      | Killed a troll
  7268 | D:7      | Reached **** piety under Trog
  7719 | D:8      | Found a sparkling altar of Nemelex Xobeh.
  8056 | D:8      | Gained mutation: You have hoof-like feet. [demonic
                  | ancestry]
  8056 | D:8      | Reached XP level 10. HP: 70/70 MP: 10/10
  8778 | D:8      | Noticed Maggie
  8799 | D:8      | Killed Maggie
  9062 | D:9      | Found a staircase to the Lair.
  9099 | D:9      | Found a runed translucent door.
  9121 | Lair:1   | Entered Level 1 of the Lair of Beasts
  9207 | Lair:1   | Reached ***** piety under Trog
  9531 | Lair:1   | Reached skill level 4 in Fighting
  9668 | Lair:1   | Noticed a spiny frog
  9682 | Lair:1   | Killed a spiny frog
 10134 | Lair:2   | Reached skill level 5 in Fighting
 10355 | Lair:2   | Reached skill level 6 in Fighting
 10355 | Lair:2   | Reached skill level 5 in Dodging
 10366 | Lair:2   | Gained mutation: A demonic guardian rushes to your aid.
                  | [demonic ancestry]
 10366 | Lair:2   | Reached XP level 11. HP: 35/81 MP: 8/11
 10670 | Lair:2   | Noticed an eight-headed hydra
 10675 | Lair:2   | Killed an eight-headed hydra
 10838 | Lair:2   | Reached skill level 7 in Fighting
 11003 | Lair:2   | Got a dazzling cloak
 11009 | Lair:2   | Identified the cursed -3 cloak "Heotyzy" {*Drain +Fly MR+++
                  | MP-9} (You found it on level 2 of the Lair of Beasts)
 11724 | Lair:3   | Reached skill level 8 in Fighting
 11868 | Lair:3   | Found a staircase to the Snake Pit.
 12671 | Lair:4   | Noticed Sonja
 12678 | Lair:4   | Reached skill level 9 in Fighting
 12682 | Lair:4   | Noticed Sonja
 12682 | Lair:4   | Sonja changed into Sonja the black mamba
 12691 | Lair:4   | Received a gift from Trog
 12698 | Lair:4   | Killed Sonja the black mamba
 12769 | Lair:4   | Gained mutation: When seriously injured, your bleeding
                  | wounds create very thick armour. (AC +12) [demonic
                  | ancestry]
 12769 | Lair:4   | Reached XP level 12. HP: 55/96 MP: 9/12
 12789 | Lair:4   | Reached skill level 10 in Fighting
 12789 | Lair:4   | Reached XP level 13. HP: 69/104 MP: 13/13
 12862 | Lair:4   | Found a dark tunnel.
 12876 | Volcano  | Entered a volcano
 13120 | Volcano  | Reached skill level 1 in Evocations
 13614 | Volcano  | Found a bloodstained altar of Trog.
 13846 | Volcano  | Reached skill level 5 in Evocations
 14341 | Lair:4   | Found a staircase to the Shoals.
 15409 | Lair:5   | Reached skill level 15 in Polearms
 15832 | Lair:5   | Received a gift from Trog
 16068 | Lair:6   | Entered Level 6 of the Lair of Beasts
 16190 | Lair:6   | Reached ****** piety under Trog
 16473 | Lair:6   | Paralysed by a hornet for 2 turns
 16622 | Lair:6   | Received a gift from Trog
 16625 | Lair:6   | Reached XP level 14. HP: 99/111 MP: 17/17
 17167 | Lair:6   | Found a staircase to the Slime Pits.
 17167 | Lair:6   | Found a viscous altar of Jiyva.
 17928 | D:9      | Noticed DogServant's ghost (novice MiHu)
 17929 | D:9      | Found a shimmering altar of Xom.
 18473 | D:9      | Killed DogServant's ghost
 18528 | D:10     | Entered Level 10 of the Dungeon
 18664 | D:10     | Found Uwor's Antique Weapon Shop.
 18830 | D:10     | Got a spiked helmet
 18836 | D:10     | Identified the +0 helmet "Effomube" {+Blink} (You found it
                  | on level 10 of the Dungeon)
 18944 | D:10     | Noticed Erica
 18947 | D:10     | Killed Erica
 19109 | D:10     | Found Saozom's Jewellery Boutique.
 19116 | D:10     | Bought an uncursed ring of protection from magic for 375
                  | gold pieces
 19116 | D:10     | Bought an uncursed ring of protection from fire for 375
                  | gold pieces
 19116 | D:10     | Bought a cursed -4 ring of protection for 30 gold pieces
 19278 | D:11     | Received a gift from Trog
 19558 | D:11     | Found a staircase to the Orcish Mines.
 19584 | Orc:1    | Entered Level 1 of the Orcish Mines
 19750 | Orc:2    | Entered Level 2 of the Orcish Mines
 20284 | Orc:2    | Found a staircase to the Elven Halls.
 20352 | Orc:2    | Found Azuresm's Mayhem Merchandise.
 20670 | Orc:2    | Received a gift from Trog
 20981 | Orc:2    | Reached skill level 11 in Fighting
 20987 | Orc:2    | Reached skill level 10 in Dodging
 21381 | Orc:2    | Found Cacvoz Tau's Assorted Antiques.
 21384 | Orc:2    | Found Ophuys's Armour Boutique.
 21385 | Orc:2    | Found Zemaps's Magic Scroll Boutique.
 21386 | Orc:2    | Found Ibessuim's General Store.
 21390 | Orc:2    | Bought a scroll of teleportation for 39 gold pieces
 21390 | Orc:2    | Bought a cursed amulet of inaccuracy for 26 gold pieces
 21390 | Orc:2    | Bought a potion of curing for 39 gold pieces
 21393 | Orc:2    | Bought a scroll of teleportation for 45 gold pieces
 21393 | Orc:2    | Bought a scroll of teleportation for 45 gold pieces
 21393 | Orc:2    | Bought a scroll of fog for 30 gold pieces
 21393 | Orc:2    | Bought a scroll of teleportation for 45 gold pieces
 21393 | Orc:2    | Bought a scroll of enchant weapon for 112 gold pieces
 21393 | Orc:2    | Bought a scroll of enchant weapon for 112 gold pieces
 21393 | Orc:2    | Bought a scroll of torment for 112 gold pieces
 21956 | Orc:1    | Found Maboyfid's Gadget Boutique.
 22330 | D:11     | You fall into a shaft and drop 2 floors!
 22478 | D:13     | Noticed Azrael
 22506 | D:13     | Killed Azrael
 23090 | D:11     | Found a portal to a secret trove of treasure.
 23221 | D:12     | Reached skill level 12 in Fighting
 23250 | D:11     | Received a gift from Trog
 23833 | D:12     | Gained mutation: When low on magic, you restore magic in
                  | place of health. [demonic ancestry]
 23833 | D:12     | Reached XP level 15. HP: 82/122 MP: 18/18
 24696 | D:13     | Found Kuhaiw's Book Shop.
 24767 | D:13     | Gained mutation: Your body sometimes deteriorates upon
                  | taking damage. [potion of mutation]
 24767 | D:13     | Gained mutation: Your muscles are strong. (Str +2) [potion
                  | of mutation]
 24767 | D:13     | Gained mutation: You have a pair of small antennae on your
                  | head. [potion of mutation]
 25316 | D:13     | Found a gate to the Vaults.
 25334 | D:13     | Reached skill level 13 in Fighting
 25576 | D:14     | Noticed Kirke
 25588 | D:14     | Killed Kirke
 25825 | D:14     | Received a gift from Trog
 26185 | D:14     | Found a sparkling altar of Nemelex Xobeh.
 26745 | D:14     | Reached skill level 14 in Fighting
 26792 | D:14     | Found Wilyovaj's Food Shop.
 27490 | D:15     | Entered Level 15 of the Dungeon
 27503 | D:15     | Received a gift from Trog
 28130 | D:15     | Found Vacykk's Antique Artefacts.
 28138 | D:15     | Reached XP level 16. HP: 134/134 MP: 19/19
 28140 | D:15     | Bought a crude crystal amulet for 165 gold pieces
 28140 | D:15     | Bought a flickering lead amulet for 165 gold pieces
 28144 | D:15     | Identified the amulet of Ashenzari's Vengeance {Acrobat
                  | MP-9 Dex+5} (You bought it in a shop on level 15 of the
                  | Dungeon)
 28146 | D:15     | Identified the amulet of the Open Hand {RegenMP Str+7} (You
                  | bought it in a shop on level 15 of the Dungeon)
 28195 | D:15     | Noticed Josephine
 28208 | D:15     | Killed Josephine
 28694 | D:15     | Found a staircase to the Depths.
 29173 | D:15     | Bought a twitching copper ring for 165 gold pieces
 29173 | D:15     | Bought a pitted bronze ring for 165 gold pieces
 29173 | D:15     | Bought a shimmering iron ring for 165 gold pieces
 29174 | D:15     | Identified the ring of Wecuqema {rPois rC+ rN+ Str+3
                  | Stlth+} (You bought it in a shop on level 15 of the
                  | Dungeon)
 29176 | D:15     | Identified the ring "Dyoleeph" {+Inv +Fly rElec rN+ Str-3}
                  | (You bought it in a shop on level 15 of the Dungeon)
 29178 | D:15     | Identified the ring "Defeergh" {rElec rF+ rC+ Str+2 SInv}
                  | (You bought it in a shop on level 15 of the Dungeon)
 29418 | Shoals:1 | Entered Level 1 of the Shoals
 29418 | Shoals:1 | Identified Roxanne's Disquisition on the Mountains
 29418 | Shoals:1 | Noticed Roxanne
 29433 | Shoals:1 | Killed Roxanne
 29791 | Shoals:1 | Received a gift from Trog
 29934 | Shoals:1 | Got a dazzling glaive {god gift}
 29935 | Shoals:1 | Identified the +10 glaive of Polytheism {vorpal, rN+ Int+2}
                  | (Trog gifted it to you on level 1 of the Shoals)
 31392 | Shoals:3 | Found a runed translucent gate.
 31459 | Shoals:3 | Found a runed translucent gate.
 31459 | Shoals:3 | Found a runed translucent gate.
 31464 | Shoals:3 | Noticed sirjames's ghost (adept FoFi)
 32293 | Shoals:3 | Killed sirjames's ghost
 32293 | Shoals:3 | Received a gift from Trog
 32470 | Snake:1  | Entered Level 1 of the Snake Pit
 32470 | Snake:1  | Found a runed translucent door.
 32777 | Snake:1  | Found Yluddoudao's Jewellery Boutique.
 32777 | Snake:1  | Found Dulio's Gadget Shoppe.
 32778 | Snake:1  | Found Cereukec's Jewellery Boutique.
 32783 | Snake:1  | Bought the ring "Hihije Saoz" {rCorr MP+9} for 459 gold
                  | pieces
 32783 | Snake:1  | Bought a cursed ring of attention for 45 gold pieces
 32783 | Snake:1  | Bought a cursed amulet of regeneration for 270 gold pieces
 32957 | Snake:1  | Reached XP level 17. HP: 91/140 MP: 18/20
 33914 | Snake:2  | Received a gift from Trog
 34871 | Snake:3  | Reached skill level 15 in Fighting
 34985 | Snake:3  | Got an ichor-stained helmet
 35237 | Snake:3  | Received a gift from Trog
 35451 | Snake:3  | Found an iron altar of Okawaru.
 35684 | Snake:3  | Found a white marble altar of Elyvilon.
 36080 | Shoals:1 | Identified the +0 helmet "Emiykaith" {Int+3} (You found it
                  | on level 3 of the Snake Pit)
 36103 | Shoals:4 | Entered Level 4 of the Shoals
 36684 | Shoals:4 | Gained mutation: Your flesh is heat resistant. (rF+)
                  | [demonic ancestry]
 36684 | Shoals:4 | Reached XP level 18. HP: 66/151 MP: 9/23
 36771 | Shoals:4 | Got a barnacled rune of Zot
 37046 | Snake:4  | Entered Level 4 of the Snake Pit
 37614 | Snake:4  | Reached skill level 16 in Fighting
 37757 | Snake:4  | Received a gift from Trog
 38348 | Snake:4  | Reached skill level 15 in Dodging
 38581 | Snake:4  | Received a gift from Trog
 38656 | Snake:4  | Got a serpentine rune of Zot
 39109 | Vaults:1 | Entered Level 1 of the Vaults
 39517 | Vaults:1 | Reached skill level 17 in Fighting
 39668 | Vaults:1 | Received a gift from Trog
 40719 | Vaults:1 | Noticed Saint Roka
 40737 | Vaults:1 | Killed Saint Roka
 40737 | Vaults:1 | Reached XP level 19. HP: 138/161 MP: 21/24
 41032 | Vaults:2 | Received a gift from Trog
 41535 | Vaults:2 | Found a staircase to the Crypt.
 41695 | Vaults:2 | Identified a scroll of acquirement
 41695 | Vaults:2 | Acquired a manual of Polearms
 41826 | Vaults:2 | Reached skill level 18 in Fighting
 42301 | Vaults:2 | Received a gift from Trog
 42302 | Vaults:2 | Got a jewelled glaive {god gift}
 42926 | Vaults:2 | Identified a +1 pair of boots of running (You found it on
                  | level 2 of the Vaults)
 43247 | Vaults:2 | Identified the +5 glaive "Baw Agro" {vorpal, rC+ Str-3
                  | Int+3 SInv} (Trog gifted it to you on level 2 of the
                  | Vaults)
 43771 | Vaults:3 | Received a gift from Trog
 44275 | Vaults:3 | Reached skill level 19 in Fighting
 44728 | Vaults:3 | Reached XP level 20. HP: 86/174 MP: 14/25
 45066 | Vaults:3 | You fall into a shaft and drop 1 floor!
 45080 | Vaults:4 | Received a gift from Trog
 45187 | Vaults:4 | Noticed Xtahua
 45212 | Vaults:4 | Killed Xtahua
 47356 | Vaults:4 | Found Ceskael's Gadget Boutique.
 47593 | Vaults:3 | Found Fel Puob's Assorted Antiques.
 47611 | Vaults:3 | Bought a potion of might for 128 gold pieces
 47611 | Vaults:3 | Bought a scroll of teleportation for 96 gold pieces
 47996 | Depths:1 | Entered Level 1 of the Depths
 48009 | Depths:1 | Found a gateway to Hell.
 48501 | Depths:1 | Received a gift from Trog
 48531 | Depths:1 | Reached skill level 20 in Fighting
 48593 | Depths:1 | Got a jewelled glaive {god gift}
 48926 | Depths:1 | You fall into a shaft and drop 1 floor!
 49031 | Depths:1 | Found Miakkouc's Magic Scroll Emporium.
 49035 | Depths:1 | Found Daijoo's Gadget Shoppe.
 49053 | Depths:1 | Bought a scroll of fog for 44 gold pieces
 49053 | Depths:1 | Bought a scroll of teleportation for 66 gold pieces
 49053 | Depths:1 | Bought a scroll of teleportation for 66 gold pieces
 49426 | Depths:1 | Found a gateway to a ziggurat.
 49642 | Depths:1 | Found a one-way gate leading to the halls of Pandemonium.
 49741 | Depths:1 | Noticed a juggernaut
 49754 | Depths:1 | Noticed a juggernaut
 49759 | Depths:1 | Killed a juggernaut
 49775 | Depths:1 | Killed a juggernaut
 49777 | Depths:1 | Gained mutation: You have hooves in place of feet. [demonic
                  | ancestry]
 49777 | Depths:1 | Reached XP level 21. HP: 65/184 MP: 16/26
 49804 | Depths:1 | Received a gift from Trog
 50286 | Depths:1 | Got a jewelled ring mail
 50458 | Depths:1 | Noticed a caustic shrike
 50471 | Depths:1 | Killed a caustic shrike
 50711 | Depths:1 | Got a steaming ruby amulet
 50895 | Depths:1 | Identified the amulet of Spring {Acrobat rPois MR- SInv}
                  | (You found it on level 1 of the Depths)
 51338 | Depths:2 | Found a basalt altar of Yredelemnul.
 51338 | Depths:2 | Found a shimmering altar of Xom.
 51343 | Depths:2 | Found an ornate altar of the Wu Jian Council.
 51529 | Depths:2 | Reached skill level 21 in Fighting
 52013 | Depths:2 | Received a gift from Trog
 52307 | Depths:2 | Paralysed by a floating eye for 2 turns
 52497 | Depths:2 | Identified the +2 eveningstar of Iciprips {freeze, +Rage
                  | rC+ Str+4}
 52497 | Depths:2 | Identified the ring of the Lion {+Inv rF+ rC+ Str-4 Dex+2}
 52930 | Depths:1 | Identified the +7 glaive of Pyfacuk {vorpal, rF+ rC++
                  | Int-4} (Trog gifted it to you on level 1 of the Depths)
 52965 | Depths:2 | Noticed Aizul
 52992 | Depths:2 | Killed Aizul
 53761 | Depths:2 | Noticed a golden dragon
 53775 | Depths:2 | Killed a golden dragon
 54314 | Depths:2 | Received a gift from Trog
 54575 | Depths:2 | Identified the +3 ring mail of the Hidden Brambles {+Fly
                  | rElec Str+4} (You found it on level 1 of the Depths)
 54589 | Depths:3 | Noticed the Enchantress
 55445 | Depths:3 | Reached XP level 22. HP: 90/196 MP: 14/27
 56012 | Depths:3 | Reached skill level 22 in Fighting
 56295 | Depths:3 | Received a gift from Trog
 57354 | Depths:3 | Killed the Enchantress
 57374 | Depths:3 | Gained mutation: Armour fits poorly on your strangely
                  | shaped body. [a cacodemon]
 57858 | Depths:3 | Received a gift from Trog
 57861 | Depths:3 | Got a scorched trident {god gift}
 57955 | Depths:3 | Identified the ring of Anas {EV+4 Dex+3}
 58180 | Depths:3 | Noticed a juggernaut
 58185 | Depths:3 | Noticed a juggernaut
 58202 | Depths:3 | Killed a juggernaut
 58207 | Depths:3 | Killed a juggernaut
 58516 | Depths:3 | Noticed an ancient lich
 58532 | Depths:3 | Killed an ancient lich
 58595 | Depths:3 | Got a smoking wooden ring
 58600 | Depths:3 | Got a twitching ivory ring
 58909 | D:13     | Identified the ring of Finality {rN++ MR+ Slay+3} (You
                  | found it on level 3 of the Depths)
 58921 | D:13     | Identified the ring of Wiquylytt {rF++ Int+5 Dex+6} (You
                  | found it on level 3 of the Depths)
 59087 | Vaults:5 | Entered Level 5 of the Vaults
 59581 | Vaults:5 | HP: 7/297 [titan (26)]
 59584 | Vaults:5 | HP: 1/297 [vault guard/+0 battleaxe (3)]
 59584 | Vaults:5 | Slain by a yaktaur captain

Illustrated notes

Levels and vault maps discovered:
D:1:      dpeg_arrival_lava_altar, layout_basic
D:2:      layout_basic, grunt_dithmenos_smoke_and_mirrors, uniq_sigmund
D:3:      layout_basic
D:4:      layout_loops_corners
D:5:      layout_loops_cross, evilmike_ruin_ashenzari, old_standard_altar,
          first_ration, uniq_ijyb, uniq_prince_ribbit1
D:6:      layout_loops_cross, tso_altar, minmay_temple_entry_drinking_statues,
          minivault_26, uniq_eustachio
D:7:      layout_loops_ring, the_bakery, minmay_microvault
D:8:      layout_gridville, overflow_temple_1_default, fountainhead,
          grunt_tough_drop, uniq_maggie
D:9:      layout_basic, lair_entry_dummy, ebering_ghost_xom,
          minmay_tree_intersection, grunt_ministairs_12
D:10:     layout_loops_cross, serial_shops, shop, kennysheep_little_box,
          uniq_erica
D:11:     layout_cave_pools, david_orc_1_choice, nicolae_trove_entry_columns
D:12:     minmay_octo_star, layout_loops_corners, minmay_bent
D:13:     layout_loops_ring, grunt_vaults_entry_fortified, serial_shops,
          nicolae_shop_waterfront, uniq_azrael
D:14:     lemuel_castle_with_subvaults [lemuel_castle_interior_carwin_2],
          layout_irregular_city, serial_shops, shop, old_standard_altar,
          uniq_kirke
D:15:     grunt_enter_depths_hoard, layout_irregular_city,
          nicolae_antique_artefacts, drop_trap, uniq_josephine
Lair:1:   layout_cave_pods, grunt_megastairs_4
Lair:2:   layout_regular_city
Lair:3:   layout_cave_pods, dummy_snake_entry
Lair:4:   cheibrodos_magma_flow, layout_regular_city,
          minmay_shoals_entry_centaurs, enter_volcano_1, serial_bayou_crossing,
          serial_bayou_shore_b, serial_bayou_shore_a, uniq_sonja
Lair:5:   layout_long_grid, grunt_megastairs_5
Lair:6:   minmay_lair_end_enchanted_forest, layout_hall_layers, slime_altar_1
Shoals:1: layout_shoals, nicolae_shoals_stone_sculpture_thing, uniq_roxanne
Shoals:2: cheibrodos_shoals_roost, layout_shoals,
          nicolae_shoals_arrival_archipelago
Shoals:3: argonaut_golden_fleece, layout_shoals, ebering_ghost_rock_garden,
          nicolae_shoals_drake_roost
Shoals:4: shoals_end_hangedman, layout_shoals, nicolae_shoals_seven_spires
Snake:1:  layout_onion_interference, lightli_airlock, minmay_shop_grove
Snake:2:  layout_onion_interference
Snake:3:  layout_cave_town, hangedman_feature_mirror, serial_bayou_shore_b,
          serial_bayou_shore_b
Snake:4:  minmay_snake_end_coiled, layout_layer_cave
Orc:1:    layout_caves, serial_shops, shop_coins
Orc:2:    st_orc_pillars, layout_diamond_mine, minmay_shop_mayhem
Vaults:1: dpeg_vaults_monster_row, v_misc_25, ontoclasm_vaults_loading_screen,
          v_misc_2, vaults_room_fancy_cross, vaults_room_pools,
          ontoclasm_vaults_fault, nicolae_vaults_three_branches,
          nicolae_vaults_circle_grid_b, grunt_vaults_twisty,
          nicolae_vaults_little_squares_3, vaults_room_pool, layout_vaults_ring,
          uniq_saint_roka
Vaults:2: nicolae_vaults_branching_niches, hangedman_vaults_unwind, v_misc_25,
          ontoclasm_vaults_gateway, nicolae_vaults_little_squares_6,
          nicolae_vaults_windows_and_doors_thing, vaults_room_pools,
          minmay_crypt_entry_simple_box, layout_vaults_quadrants
Vaults:3: nicolae_vaults_arrows, vaults_room_grunt_arrival_ludios,
          nicolae_vaults_murderbox, v_misc_33, v_pattern_1, v_misc_29,
          nicolae_vaults_ring_of_whatevers, vaults_room_pools,
          layout_vaults_big_room, serial_shops, nicolae_shop_overgrown_old_shop
Vaults:4: st_check, v_misc_2, v_misc_30, nicolae_vaults_network_barrier,
          v_misc_27, nicolae_vaults_mini_display_case,
          ontoclasm_vaults_ring_small, hangedman_vaults_impose, v_misc_32,
          nicolae_vaults_specimen_jars, v_misc_23, ontoclasm_vaults_tryst,
          vaults_mumra_lcd, layout_vaults_maze_bifur, serial_shops, shop,
          uniq_xtahua
Vaults:5: uniq_mennas
Depths:1: layout_cave_shapes, enter_ziggurat_e, rand_demon_pan_entry_4,
          minmay_misc_feat_chi, hangedman_coc_ice_floe, minmay_multi_spiral,
          minmay_shoptagon
Depths:2: hangedman_slaughterboxes, hell_entry, uniq_aizul
Depths:3: minmay_nested_s, layout_gridlike, grunt_pan_entry_spiral, hell_entry,
          kennysheep_path_1, uniq_enchantress

Skill      XL: |  1  2  3  4  5  6  7  8  9 10 11 12 13 14 15 16 17 18 19 20 21 22 |
---------------+-------------------------------------------------------------------+-----
Polearms       | 3 5 6 7 9 11 13 14 16 17 19 20 | 20.0
Dodging        | 5 8 9 11 13 14 16 17 19 20 21 | 21.3
Fighting       | 6 9 10 12 14 15 17 19 20 21 22 | 22.9
Evocations     | 5 7 |  7.3
Armour         | |  1.7

Action                   |  1- 3 |  4- 6 |  7- 9 | 10-12 | 13-15 | 16-18 | 19-21 | 22-24 || total
-------------------------+-------+-------+-------+-------+-------+-------+-------+-------++-------
Melee: Spear             |    37 |   167 |   347 |       |       |       |       |       ||   551
       Kick              |     1 |    38 |       |       |       |       |   218 |   192 ||   449
       Trident           |       |       |   203 |   655 |    97 |       |       |       ||   955
       Glaive            |       |       |       |       |  1564 |  1533 |  1629 |   455 ||  5181
Invok: Berserk           |       |     1 |     3 |     3 |    13 |    10 |    14 |     6 ||    50
       Trog's Hand       |       |       |       |       |     5 |     6 |     2 |       ||    13
       Brothers in Arms  |       |       |       |       |     1 |       |     2 |     2 ||     5
 Abil: Evoke Flight      |       |       |       |       |       |     2 |       |       ||     2
Evoke: Wand              |       |       |       |     1 |     5 |     6 |     1 |     4 ||    17
  Use: Potion            |     3 |     3 |     3 |     3 |     8 |     3 |       |     2 ||    25
       Scroll            |     2 |     6 |     4 |     4 |    12 |     9 |    10 |     2 ||    49
 Stab: Distracted        |       |     1 |       |     5 |     9 |     7 |    13 |     4 ||    39
       Sleeping          |       |       |     2 |     1 |     4 |     8 |     2 |       ||    17
       Confused          |       |       |       |       |       |       |       |     1 ||     1
  Eat: Chunk             |       |     9 |    17 |    11 |    60 |    37 |    50 |    12 ||   196
       Ration            |       |       |     3 |     2 |     2 |     5 |     3 |     2 ||    17
Armor: Ring mail         |     2 |    26 |    81 |       |   115 |       |     8 |       ||   232
       Troll leather arm |       |       |    20 |    72 |   198 |   244 |    45 |       ||   579
       Leather armour    |       |       |       |       |       |       |    35 |       ||    35
       Quicksilver drago |       |       |       |       |       |       |    89 |    64 ||   153
       Acid dragon scale |       |       |       |       |       |       |       |    30 ||    30
Dodge: Dodged            |    13 |    46 |   203 |   334 |  1288 |  1135 |  1025 |   504 ||  4548
       Repelled          |       |       |       |       |       |       |    41 |    11 ||    52
Block: Other             |       |       |       |       |       |   192 |   222 |    81 ||   495
       Reflection        |       |       |       |       |       |    28 |    23 |     2 ||    53
